 Dungeon Crawl Stone Soup version 0.24.1-4-ge52af88ad5 (webtiles) character file.

Game seed: 10376147515436820035, levelgen mode: deterministic

83 MajorAdolf the Skirmisher (level 4, -3/45 HPs)
             Began as a Naga Wanderer on Apr 18, 2020.
             Slain by a gnoll
             ... wielding a +0 spear
              (4 damage)
             ... on level 2 of the Dungeon.
             The game lasted 00:04:09 (2384 turns).

MajorAdolf the Skirmisher (Naga Wanderer)           Turns: 2384, Time: 00:04:09

Health: -3/45      AC:  6    Str: 16    XL:     4   Next: 44%
Magic:  4/4        EV:  4    Int: 14    God:
Gold:   109        SH:  0    Dex:  8    Spells: 3/3 levels left

rFire    . . .     SeeInvis +   s - +0 hand axe
rCold    . . .     Gourm    .   (no shield)
rNeg     . . .     Faith    .   h - +0 chain mail (curse)
rPois    +         Spirit   .   n - +0 helmet (curse)
rElec    .         Reflect  .   (no cloak)
rCorr    .         Harm     .   (no gloves)
MR       .....                  (no barding)
Stlth    ..........             (no amulet)
HPRegen  0.15/turn              (no ring)
MPRegen  0.09/turn              (no ring)

@: short of breath, very slow
A: large, see invisible, deformed body, poison resistance, slowness 2, slow
metabolism 1, spit poison 1, AC +1
a: Spit Poison


You were on level 2 of the Dungeon.
You were hungry.

You visited 1 branch of the dungeon, and saw 3 of its levels.

You collected 109 gold pieces.

Inventory:

Hand Weapons
 a - a +2 hand crossbow
 q - a +1 spear of venom
 s - a +0 hand axe (weapon)
Missiles
 b - 50 bolts
Armour
 e - a +0 robe
 h - a cursed +0 chain mail (worn)
 n - a cursed +0 helmet (worn)
 p - a +0 plate armour
Scrolls
 g - a scroll of amnesia {unknown}
 i - a scroll of identify {unknown}
 j - a scroll of fog {unknown}
 k - a scroll of enchant armour {unknown}
 l - 4 scrolls of remove curse {unknown}
 r - a scroll of blinking {unknown}
Potions
 d - 2 potions of lignification
 m - a potion of heal wounds {unknown}
Comestibles
 f - 3 rations


   Skills:
 - Level 4.9 Fighting
 + Level 0.9(1.1) Axes
 - Level 1.0(1.1) Polearms
 - Level 1.7 Crossbows
 - Level 1.0 Armour
 - Level 1.0 Dodging
 - Level 1.5 Stealth
   Level 1.0 Shields


You had 3 spell levels left.
You didn't know any spells.
Your spell library was empty.

Dungeon Overview and Level Annotations

Branches:
Dungeon (3/15)

Altars:


Innate Abilities, Weirdness & Mutations

You cannot wear boots.
Your serpentine skin is tough. (AC +1)
You have supernaturally acute eyesight. (SInv)
Armour fits poorly on your strangely shaped body.
Your system is resistant to poisons. (rPois)
You cover ground very slowly.
You have a slow metabolism.
You can spit poison.


Message History

You have got your breath back.
Press: ? - help, Shift-Dir - straight line, f/p - gnoll
Aim: a gnoll, wielding a +0 spear (moderately wounded)
The splash of poison misses the gnoll.
You feel slightly more hungry. The gnoll hits you but does no damage.
The gnoll hits you from afar with a +0 spear!
* * * LOW HITPOINT WARNING * * *
You have got your breath back.
Press: ? - help, Shift-Dir - straight line, f/p - gnoll
Aim: a gnoll, wielding a +0 spear (lightly wounded)
The splash of poison misses the gnoll.
You feel slightly more hungry.
The gnoll hits you from afar with a +0 spear.
* * * LOW HITPOINT WARNING * * *
Unknown command.
Okay, then.
You aren't carrying any items that you can evoke without wielding.
Unknown command.
Okay, then.
The gnoll hits you from afar with a +0 spear.
You die...

####
#################...
#...................
#....g....>........#
#..@######...÷.....#
##..# #.>).(((.....#
#..# #.##g......#.#
###..###.###.....##.#
#........# ##........
##.#..##..## ##.####.#
#.....##.).####.####†#
#..#.....#......#.....
#<.#.###...#.####.####


You could see a gnoll.

Vanquished Creatures
  2 adders
  2 oozes (D:1)
  5 dart slugs
  2 orcs (D:2)
  A ball python (D:1)
  A giant cockroach (D:2)
  5 goblins
  9 hobgoblins
  A kobold (D:2)
  A quokka (D:2)
  6 bats
  3 frilled lizards
  6 rats
44 creatures vanquished.

Notes
Turn   | Place    | Note
-------+----------+-------------------------------------------
     0 | D:1      | MajorAdolf the Naga Wanderer began the quest for the Orb.
     0 | D:1      | MajorAdolf set off with the following items: a +2 hand
                  | crossbow, 29 bolts, a potion of curing, a potion of
                  | lignification, a +0 robe, a ration
     0 | D:1      | Reached XP level 1. HP: 21/21 MP: 1/1
   152 | D:1      | Reached XP level 2. HP: 30/30 MP: 2/2
   636 | D:1      | Reached skill level 4 in Fighting
   691 | D:1      | Reached XP level 3. HP: 30/36 MP: 3/3
  1674 | D:2      | Reached XP level 4. HP: 45/45 MP: 4/4
  2372 | D:2      | HP: 2/45 [gnoll/+0 spear (6)]
  2381 | D:2      | HP: 2/45 [gnoll/+0 spear (7)]
  2384 | D:2      | Slain by a gnoll

Levels and vault maps discovered:
D:1:      lightli_arrival_statuegarden, layout_loops_corners,
          minmay_pentomino_s4
D:2:      layout_loops_ring, first_ration
D:3:      layout_loops_ring, nicolae_overflow_hidden_temple, uniq_ijyb

Skill      XL: |  1  2 |
---------------+-------+-----
Fighting       | 4 |  4.9
Axes           | |  0.9
Polearms       | |  1.0
Crossbows      | |  1.7
Armour         | |  1.0
Dodging        | |  1.0
Stealth        | |  1.5
Shields        | |  1.0

Action                   |  1- 3 |  4- 6 || total
-------------------------+-------+-------++-------
Melee: Hand axe          |       |    49 ||    49
       Spear             |       |     6 ||     6
 Fire: Hand crossbow     |    50 |    16 ||    66
 Abil: Spit Poison       |    26 |     5 ||    31
  Use: Potion            |     2 |     1 ||     3
  Eat: Ration            |     1 |       ||     1
       Chunk             |       |     1 ||     1
Armor: Chain mail        |    29 |    51 ||    80
Dodge: Dodged            |    15 |    14 ||    29
